 Dungeon Crawl Stone Soup version 0.23.2 (webtiles) character file.

Game seed: 9957186181697196198

197857 Peloso the Hoplite (level 18, -12/172 HPs)
             Began as a Minotaur Fighter on Apr 7, 2019.
             Was the Champion of Okawaru.
             Mangled by Louise
             ... wielding a +0 morningstar of distortion
              (14 damage)
             ... on level 4 of the Spider Nest.
             The game lasted 01:46:21 (41978 turns).

Peloso the Hoplite (Minotaur Fighter)              Turns: 41978, Time: 01:46:22

Health: -12/172    AC: 30    Str: 27    XL:     18   Next: 19%
Magic:  0/18       EV: 14    Int: 12    God:    Okawaru [******]
Gold:   2635       SH: 18    Dex: 22    Spells: 17/17 levels left

rFire    + . .     SeeInvis .   c - +6 scimitar (flame)
rCold    . . .     Gourm    .   d - +0 shield {rF+}
rNeg     . . .     Faith    .   p - +6 chain mail of Dyspraxia {Dex+6}
rPois    +         Spirit   +   x - +1 hat
rElec    .         Reflect  .   (no cloak)
rCorr    +         Harm     .   y - +3 pair of gauntlets of War {Slay+5}
MR       +....                  l - +0 pair of boots
Stlth    ..........             D - amulet "Vokefim" {Spirit +Fly rPois Int+7 Dex+4}
HPRegen  0.38/turn              h - +3 ring of protection
MPRegen  0.16/turn              B - ring of resist corrosion

@: berserk cooldown, hasted and slowed
A: retaliatory headbutt, horns 2
a: Heroism, Finesse, Renounce Religion, Evoke Flight


You were on level 4 of the Spider Nest.
You worshipped Okawaru.
Okawaru was exalted by your worship.
You were not hungry.

You visited 6 branches of the dungeon, and saw 32 of its levels.
You visited the Abyss 1 time.
You also visited: Sewer, Bailey and Volcano.

You collected 2901 gold pieces.
You spent 266 gold pieces at shops.

Inventory:

Hand Weapons
 a - the +9 long sword of the King {slice, *Slow MR+ Str+4}
   (Okawaru gifted it to you on level 9 of the Dungeon)

   It inflicts extra damage upon your enemies.
   It affects your strength (+4).
   It affects your resistance to hostile enchantments.
   It may slow you when you take damage.
 b - a +2 double sword of slicing
 c - a +6 scimitar of flaming (weapon)
Armour
 d - a +0 shield of fire resistance (worn)
 l - a +0 pair of boots (worn)
 p - the +6 chain mail of Dyspraxia (worn) {Dex+6}
   (You found it on level 1 of the Elven Halls)

   It affects your dexterity (+6).
 s - a +1 pair of gloves of dexterity
 x - a +1 hat (worn)
 y - the +3 pair of gauntlets of War (worn) {Slay+5}
   (Okawaru gifted it to you on level 1 of the Spider Nest)

   It affects your accuracy and damage with ranged weapons and melee attacks
   (+5).
 C - the +6 plate armour of Slovenliness {Str+4 Dex+3, unknown}
   (You found it on level 3 of the Abyss)

   It affects your strength (+4).
   It affects your dexterity (+3).
 E - a +1 pair of gloves
 H - the +12 plate armour of a wizard's laboratory {rPois rC- MR+, unknown}
   (You found it on level 3 of the Abyss)

   It makes you vulnerable to cold.
   It protects you from poison.
   It affects your resistance to hostile enchantments.
Jewellery
 h - a +3 ring of protection (left hand)
 B - a ring of resist corrosion (right hand)
 D - the amulet "Vokefim" (around neck) {Spirit +Fly rPois Int+7 Dex+4}
   (You found it on level 7 of the Dungeon)

   [amulet of guardian spirit]

   It causes incoming damage to be split between your health and magic.
   It affects your intelligence (+7).
   It affects your dexterity (+4).
   It protects you from poison.
   It lets you fly.
 I - an uncursed ring of protection from cold
Wands
 g - a wand of digging (5)
 m - a wand of polymorph (11)
 A - a wand of scattershot (8)
Scrolls
 i - 5 scrolls of teleportation
 k - 4 scrolls of magic mapping
 q - 14 scrolls of remove curse
 r - 9 scrolls of identify
 t - 3 scrolls of fear
 z - a scroll of summoning
 G - 3 scrolls of noise
 V - 3 scrolls of blinking
Potions
 e - a potion of ambrosia
 j - 10 potions of curing
 n - a potion of haste
 o - 4 potions of flight
 u - 5 potions of heal wounds
 v - a potion of brilliance {unknown}
 w - 2 potions of berserk rage
 F - 4 potions of agility
 N - a potion of resistance
Miscellaneous
 J - a phantom mirror
Comestibles
 f - 51 rations
 K - 2 chunks of flesh


   Skills:
 + Level 18.0 Fighting
 + Level 18.6 Long Blades
 + Level 16.1 Armour
 + Level 6.8 Dodging
 + Level 3.9 Stealth
 + Level 21.3 Shields
 + Level 1.6 Invocations
 + Level 0.3 Evocations


You had 17 spell levels left.
You didn't know any spells.
Your spell library contained the following spells:

 Spells                   Type           Power        Failure   Level  Hunger
 Animate Skeleton         Necr           N/A          75%         1    ##.....
 Apportation              Tloc           #.....       75%         1    ##.....
 Confusing Touch          Hex            #.....       75%         1    ##.....
 Flame Tongue             Conj/Fire      #....        75%         1    ##.....
 Magic Dart               Conj           #...         75%         1    ##.....
 Shock                    Conj/Air       #...         75%         1    ##.....
 Summon Small Mammal      Summ           #...         75%         1    ##.....
 Searing Ray              Conj           #.....       86%         2    ###....
 Swiftness                Chrm/Air       #.......     86%         2    ###....
 Throw Flame              Conj/Fire      #.....       86%         2    ###....
 Confuse                  Hex            #.......     98%         3    ####...
 Conjure Flame            Conj/Fire      #.......     98%         3    ####...
 Dazzling Spray           Conj/Hex       #.....       98%         3    ####...
 Gell's Gravitas          Tloc           #.........   98%         3    ####...
 Inner Flame              Hex/Fire       #.......     98%         3    ####...
 Static Discharge         Conj/Air       #.......     98%         3    ####...
 Airstrike                Air            #.........   100%        4    #####..
 Force Lance              Conj/Tloc      #.......     100%        4    #####..
 Fulminant Prism          Conj/Hex       #.........   100%        4    #####..
 Iskenderun's Mystic Bla  Conj           #.......     100%        4    #####..
 Petrify                  Tmut/Erth      #.......     100%        4    #####..
 Sticky Flame             Conj/Fire      #.......     100%        4    #####..
 Summon Lightning Spire   Summ/Air       #.......     100%        4    #####..
 Fireball                 Conj/Fire      #.........   100%        5    ######.
 Lightning Bolt           Conj/Air       #.........   100%        5    ######.
 Metabolic Englaciation   Hex/Ice        #.........   100%        5    ######.
 Silence                  Hex/Air        #.........   100%        5    ######.
 Yara's Violent Unravell  Hex/Tmut       #.........   100%        5    ######.
 Conjure Ball Lightning   Conj/Air       #.........   100%        6    #######
 Deflect Missiles         Chrm/Air       #.........   100%        6    #######
 Tornado                  Air            #.........   100%        9    #######


Dungeon Overview and Level Annotations

Branches:
Dungeon (15/15)            Temple (0/1) D:6            Lair (6/6) D:8
  Swamp (3/4) Lair:3       Spider (4/4) Lair:3        Slime (0/5) Lair:6
    Orc (2/2) D:9             Elf (2/3) Orc:2        Vaults (0/5) D:14
 Depths (0/5) D:15

Altars:
Ashenzari
Cheibriados
Dithmenos
Elyvilon
Fedhas
Gozag
Kikubaaqudgha
Makhleb
Okawaru
Qazlal
Ru
Zin
The Shining One

Shops:
D:5 *   Orc:2 (([*[

Annotations:
D:6 3 runed translucent doors, drd's ghost, novice DsBe
Spider:4 Louise


Innate Abilities, Weirdness & Mutations

You reflexively headbutt those who attack you in melee.
You have a pair of horns on your head.


Message History

You slice the redback!! You burn the redback!
You kill the redback!
Okawaru accepts your kill. You block the redback's attack.
The redback barely misses you. You block the wolf spider's attack.
The wolf spider bites you.
* * * LOW HITPOINT WARNING * * *
The wolf spider hits you.
* * * LOW HITPOINT WARNING * * *
The wolf spider bites you but does no damage.
You slice the redback!! You burn the redback.
You kill the redback!
Okawaru accepts your kill.
The jumping spider leaps!
You block the redback's attack. The redback bites you!
* * * LOW HITPOINT WARNING * * *
You block the wolf spider's attack. The wolf spider barely misses you.
Louise hits you with a +0 morningstar of distortion!
* * * LOW HITPOINT WARNING * * *
Space warps horribly around you!
You die...

.#...^#....s..#......
......#...^..........
...........#..#......
#..#....^##.#..#..^
#.#...........#○..)..
#^.....#...s^.^# ...
#....#...ss.s..# ...
^....#..asss.(^# ..#.
#..s@@s#.^# #
#......ss.###^..
#^^#.^.#..# #^^#
#####..#### ### ####


You could see Louise, an entropy weaver, a demonic crawler, 2 wolf spiders, an
orb spider, 2 jumping spiders and 5 redbacks.

Vanquished Creatures
  A Hell Sentinel (Abyss:3)
  A tentacled starspawn (Abyss:3)
  2 thorn hunters
  Kirke (Elf:1)
  An orc warlord (D:9)
  An entropy weaver (shapeshifter) (D:13)
  3 entropy weavers
  Nessos (D:15)
  Azrael (D:13)
  A deep elf death mage (Elf:1)
  A fire dragon (D:14)
  Josephine (Orc:2)
  A deep elf high priest (Elf:1)
  A rakshasa (Abyss:3)
  Fannar (D:12)
  Erolcha (D:9)
  An ice dragon (D:10)
  13 hydras
  4 ogre magi
  Erica (D:9)
  2 ghost crabs (Swamp:2)
  4 centaur warriors
  A catoblepas (D:10)
  4 dancing weapons (Elf:1)
  2 shambling mangroves
  2 satyrs (Abyss:3)
  2 death knights
  4 death yaks (Lair:2)
  2 tengu warriors
  10 alligators
  12 two-headed ogres
  9 orc high priests
  A vampire mage (D:15)
  5 thrashing horrors (Abyss:3)
  2 deep elf knights (Elf:1)
  A soul eater (Abyss:3)
  A hell knight (Volcano)
  A golden dragon zombie (D:15)
  2 wretched stars (Abyss:3)
  A deep troll (Orc:2)
  3 unseen horrors
  2 skeletal warriors (D:15)
  2 spriggan druids (Swamp:3)
  A swamp dragon (shapeshifter) (D:14)
  2 swamp dragons (Swamp:1)
  14 orc knights
  22 deep elf magi (Elf:1)
  7 deep elf archers (Elf:1)
  2 necromancers
  13 wolf spiders
  6 orb spiders
  A wolf spider zombie (D:15)
  A fire giant zombie (D:15)
  4 orc sorcerers
  15 ugly things
  6 manticores
  A shining eye (Abyss:3)
  3 cyclopes
  Joseph (D:10)
  A frost giant skeleton (D:15)
  4 elephants (Lair:4)
  An eye of devastation (Abyss:3)
  4 black mambas
  An apocalypse crab (Abyss:3)
  3 smoke demons (Abyss:3)
  A gargoyle (D:12)
  14 spiny frogs
  A rime drake (Lair:4)
  5 freezing wraiths
  2 efreet
  12 demonic crawlers
  4 komodo dragons
  A tengu conjurer (D:13)
  A hellwing (Abyss:3)
  A yaktaur (D:10)
  23 jumping spiders
  5 polar bears (Lair:6)
  15 hornets
  6 meliai
  6 trolls
  14 slime creatures (Swamp:2)
  9 blink frogs
  11 hippogriffs
  4 raiju (Abyss:3)
  9 tyrant leeches
  10 dream sheep (Lair:4)
  7 bog bodies
  53 redbacks
  3 water elementals
  2 air elementals
  22 spriggans
  2 ynoxinuls (Abyss:3)
  6 wraiths
  An ettin skeleton (D:15)
  4 wyverns
  2 shadows
  19 tarantellas
  56 yaks
  4 hogs (Elf:1)
  2 fire elementals
  6 fire bats (Volcano)
  6 basilisks
  A neqoxec (Abyss:3)
  2 steam dragons
  Eustachio (D:4)
  18 vampire mosquitoes
  5 large abominations (Abyss:3)
  5 hungry ghosts
  4 wargs
  10 swamp worms
  2 soldier ants (D:13)
  Edmund (D:6)
  8 insubstantial wisps
  11 water moccasins
  3 hell hounds
  7 porcupines
  9 swamp drakes
  An ice beast (D:13)
  4 sky beasts
  50 orc warriors
  A phantom (D:11)
  3 black bears
  12 ogres
  A necrophage (D:11)
  21 wolves
  An eye of draining (D:11)
  11 centaurs
  4 boggarts (Lair:6)
  7 crocodiles
  4 big kobolds
  18 bullfrogs
  A wyvern zombie (D:11)
  7 earth elementals
  6 gnoll sergeants
  A wyvern skeleton (D:12)
  4 scorpions
  9 wights
  25 killer bees
  3 howler monkeys
  12 electric eels
  6 crimson imps
  10 lava snakes
  2 small abominations (Abyss:3)
  A bullfrog zombie (D:12)
  8 jellies
  2 quasits
  10 hounds
  21 orc priests
  A bullfrog skeleton (D:13)
  4 centaur skeletons
  36 orc wizards
  8 iguanas
  4 hell rats (Lair:3)
  10 worker ants
  A hound skeleton (D:7)
  28 gnolls
  19 adders
  3 shadow imps
  7 oozes
  2 adder zombies
  2 adder skeletons
  4 worms (Sewer)
  A dart slug (D:1)
  5 leopard geckos
  121 orcs
  10 giant cockroaches
  11 goblins
  26 hobgoblins
  14 jackals
  6 quokkas
  6 ball pythons
  19 bats
  13 frilled lizards
  A jackal zombie (D:5)
  28 kobolds
  2 leopard gecko skeletons
  A quokka zombie (D:7)
  8 rats
  3 starspawn tentacles (Abyss:3)
1332 creatures vanquished.

Vanquished Creatures (others)
  A spriggan druid (Swamp:2)
  A deep elf mage (Elf:1)
  A human (Elf:1)
  A spriggan (Swamp:2)
  A fire elemental (D:14)
  A swamp worm (Swamp:2)
  An orc warrior (Elf:1)
  A centaur (D:15)
  A quokka (D:11)
  4 fungi (Lair:6)
  A lurking horror (Abyss:3)
  5 plants
  5 starspawn tentacles (Abyss:3)
  2 withered plants (D:15)
26 creatures vanquished.

Grand Total: 1358 creatures vanquished

Notes
Turn   | Place    | Note
-------+----------+-------------------------------------------
     0 | D:1      | Peloso the Minotaur Fighter began the quest for the Orb.
     0 | D:1      | Reached XP level 1. HP: 19/19 MP: 0/0
   189 | D:1      | Reached XP level 2. HP: 27/27 MP: 1/1
   848 | D:2      | Reached XP level 3. HP: 9/33 MP: 2/2
   849 | D:2      | Reached skill level 4 in Shields
  1063 | D:2      | Reached XP level 4. HP: 32/41 MP: 3/3
  2152 | D:3      | Reached XP level 5. HP: 42/47 MP: 4/4
  2419 | D:3      | Reached skill level 5 in Armour
  3029 | D:4      | Reached XP level 6. HP: 41/55 MP: 5/5
  3070 | D:4      | Reached skill level 1 in Dodging
  3070 | D:4      | Reached skill level 5 in Shields
  3088 | D:4      | Reached skill level 5 in Long Blades
  3471 | D:4      | Noticed Eustachio
  3479 | D:4      | Killed Eustachio
  3479 | D:4      | Reached skill level 5 in Fighting
  3481 | D:4      | Reached XP level 7. HP: 60/61 MP: 6/6
  3507 | D:4      | Found a blossoming altar of Fedhas.
  3548 | D:4      | Found a sacrificial altar of Ru.
  3729 | D:5      | Entered Level 5 of the Dungeon
  3779 | D:5      | Found Yremanif's Mayhem Merchandise.
  4115 | D:5      | Found a shadowy altar of Dithmenos.
  4225 | D:5      | Reached skill level 6 in Shields
  4494 | D:6      | Found a glowing drain.
  4507 | D:6      | Reached skill level 1 in Stealth
  4515 | Sewer    | Entered a sewer
  5024 | Sewer    | Reached XP level 8. HP: 53/70 MP: 7/7
  5413 | D:6      | Found an iron altar of Okawaru.
  5439 | D:6      | Got a shimmering spear
  5442 | D:6      | Identified the cursed +1 spear "Pasiuch" {vamp, rF+ SInv}
                  | (You found it on level 6 of the Dungeon)
  5444 | D:6      | Became a worshipper of Warmaster Okawaru
  5449 | D:6      | Noticed Edmund
  5564 | D:6      | Found a burning altar of Makhleb.
  5932 | D:6      | Found a staircase to the Ecumenical Temple.
  6681 | D:6      | Reached skill level 7 in Shields
  6737 | D:6      | Killed Edmund
  6737 | D:6      | Reached * piety under Okawaru
  6776 | D:6      | Found a shattered altar of Ashenzari.
  6850 | D:6      | Found a runed translucent gate.
  6850 | D:6      | Found a runed translucent gate.
  6850 | D:6      | Noticed drd's ghost (novice DsBe)
  6851 | D:6      | Found a runed translucent gate.
  7103 | D:7      | Found a flagged portal.
  7131 | Bailey   | Entered a bailey
  7260 | Bailey   | HP: 1/71 [hobgoblin (4)]
  7991 | Bailey   | Reached XP level 9. HP: 76/78 MP: 5/8
  8148 | Bailey   | Noticed an orc knight
  8168 | Bailey   | Killed an orc knight
  8662 | D:7      | Reached skill level 8 in Shields
  9097 | D:7      | Found a stormy altar of Qazlal.
  9402 | D:7      | Got a bound zirconium amulet
  9403 | D:7      | Identified the amulet "Vokefim" {Spirit +Fly rPois Int+7
                  | Dex+4} (You found it on level 7 of the Dungeon)
  9626 | D:8      | Found a glowing silver altar of Zin.
  9736 | D:8      | Reached ** piety under Okawaru
  9782 | D:8      | Reached skill level 10 in Long Blades
 10078 | D:8      | Found a staircase to the Lair.
 10891 | D:8      | Reached XP level 10. HP: 69/86 MP: 9/9
 10945 | D:9      | Reached skill level 9 in Shields
 10946 | D:9      | Noticed a two-headed ogre
 10956 | D:9      | Killed a two-headed ogre
 10956 | D:9      | Reached *** piety under Okawaru
 10957 | D:9      | Noticed Erica
 11372 | D:9      | Noticed Erolcha
 11539 | D:9      | Killed Erolcha
 11539 | D:9      | Reached **** piety under Okawaru
 11554 | D:9      | Killed Erica
 11554 | D:9      | Reached skill level 10 in Shields
 11873 | D:9      | Found a staircase to the Orcish Mines.
 11904 | D:9      | Reached ***** piety under Okawaru
 11933 | D:9      | Reached skill level 11 in Shields
 12222 | D:9      | Found a white marble altar of Elyvilon.
 12232 | D:9      | Found a glowing golden altar of the Shining One.
 12279 | D:9      | Identified a scroll of acquirement
 12287 | D:10     | Entered Level 10 of the Dungeon
 12327 | D:10     | Reached XP level 11. HP: 95/95 MP: 10/10
 12392 | D:10     | Received a gift from Okawaru
 12414 | D:10     | Got a smoking fustibalus {god gift}
 12415 | D:10     | Identified the +8 fustibalus "Cibulomo" {freeze, rElec
                  | rPois} (Okawaru gifted it to you on level 10 of the
                  | Dungeon)
 12426 | D:10     | Noticed Joseph
 12442 | D:10     | Killed Joseph
 12590 | D:10     | Found an opulent altar of Gozag.
 12854 | D:10     | Noticed a two-headed ogre
 12854 | D:10     | Noticed a centaur warrior
 12870 | D:10     | Killed a two-headed ogre
 12877 | D:10     | Killed a centaur warrior
 12885 | D:10     | Identified the +10 mace of Discomfort {crush, Fragile rElec
                  | rPois Int+4}
 12885 | D:10     | Identified the +0 shield of Housath {MR- Int+6 Dex+7}
 12901 | D:10     | Noticed an eight-headed hydra
 12902 | D:10     | Noticed an ice dragon
 12923 | D:10     | Killed a one-headed hydra
 12923 | D:10     | Received a gift from Okawaru
 12923 | D:10     | Reached skill level 12 in Shields
 12932 | D:10     | Killed an ice dragon
 12932 | D:10     | Reached skill level 10 in Armour
 12950 | D:10     | Noticed an ogre mage
 12957 | D:10     | Killed an ogre mage
 12965 | D:10     | Noticed a catoblepas
 12974 | D:10     | Killed a catoblepas
 12974 | D:10     | Reached skill level 1 in Invocations
 13437 | D:11     | Reached ****** piety under Okawaru
 13437 | D:11     | Received a gift from Okawaru
 13529 | D:11     | Reached XP level 12. HP: 39/106 MP: 4/11
 13845 | D:11     | Received a gift from Okawaru
 13845 | D:11     | Reached skill level 10 in Fighting
 15502 | Lair:1   | Entered Level 1 of the Lair of Beasts
 15611 | Lair:1   | You fall through a shaft!
 15875 | Lair:2   | Reached skill level 13 in Shields
 15893 | Lair:2   | Received a gift from Okawaru
 15942 | Lair:2   | Noticed a five-headed hydra
 15948 | Lair:2   | Killed a two-headed hydra
 16084 | Lair:2   | Found an ancient bone altar of Kikubaaqudgha.
 17040 | Lair:3   | Noticed a death yak
 17041 | Lair:3   | Noticed a death yak
 17041 | Lair:3   | Noticed a death yak
 17043 | Lair:3   | Noticed a death yak
 17055 | Lair:2   | Killed a death yak
 17066 | Lair:2   | Killed a death yak
 17068 | Lair:2   | Killed a death yak
 17260 | Lair:2   | Killed a death yak
 17260 | Lair:2   | Reached XP level 13. HP: 103/118 MP: 10/12
 17881 | Lair:3   | Received a gift from Okawaru
 17882 | Lair:3   | Found a hole to the Spider Nest.
 17931 | Lair:3   | Reached skill level 15 in Long Blades
 18002 | Lair:3   | Found a staircase to the Swamp.
 18012 | Lair:3   | Reached skill level 14 in Shields
 18800 | Lair:4   | Received a gift from Okawaru
 20312 | Lair:6   | Entered Level 6 of the Lair of Beasts
 20409 | Lair:6   | Found a dark tunnel.
 20417 | Volcano  | Entered a volcano
 20506 | Volcano  | Reached skill level 15 in Shields
 20508 | Volcano  | Reached XP level 14. HP: 117/129 MP: 11/13
 20754 | Volcano  | Found a radiant altar of Vehumet.
 20777 | Volcano  | Found a radiant altar of Vehumet.
 21331 | Lair:6   | Received a gift from Okawaru
 21816 | Lair:6   | Found a staircase to the Slime Pits.
 22486 | D:12     | Noticed Fannar
 22494 | D:12     | Killed Fannar
 22871 | Orc:1    | Entered Level 1 of the Orcish Mines
 22896 | D:9      | Received a gift from Okawaru
 22902 | D:9      | Got a smoking long sword {god gift}
 22903 | D:9      | Identified the +9 long sword of the King {slice, *Slow MR+
                  | Str+4} (Okawaru gifted it to you on level 9 of the Dungeon)
 22927 | Orc:1    | Noticed an orc warlord
 22947 | D:9      | Killed an orc warlord
 23177 | D:9      | Reached skill level 16 in Shields
 23894 | Orc:2    | Entered Level 2 of the Orcish Mines
 23911 | Orc:2    | Noticed Josephine
 23932 | Orc:2    | Killed Josephine
 24761 | Orc:2    | Received a gift from Okawaru
 24761 | Orc:2    | Reached XP level 15. HP: 91/139 MP: 9/14
 24889 | Orc:2    | Found a staircase to the Elven Halls.
 25104 | Orc:2    | Reached skill level 15 in Fighting
 25253 | Orc:2    | Found Cuhitz's Antique Armour Shoppe.
 25261 | Orc:2    | Bought a transparent chain mail for 266 gold pieces
 25469 | Orc:2    | Identified the +1 chain mail of Experimentation {Dex+2
                  | Stlth+} (You bought it in a shop on level 2 of the Orcish
                  | Mines)
 26351 | Orc:1    | Reached skill level 17 in Shields
 27015 | Orc:2    | Found Paifes's Assorted Antiques.
 27015 | Orc:2    | Found Hoebu's Antique Armour Emporium.
 27016 | Orc:2    | Found Ucselic's Antique Weapon Shoppe.
 27016 | Orc:2    | Found Syaxt's Antique Weapon Emporium.
 27594 | D:13     | Received a gift from Okawaru
 27966 | D:13     | You fall through a shaft!
 28272 | D:14     | Noticed Azrael
 28350 | D:13     | Reached skill level 5 in Dodging
 28876 | D:13     | Killed Azrael
 28964 | D:14     | Received a gift from Okawaru
 29868 | D:14     | Reached skill level 18 in Shields
 29894 | D:14     | Found a gate to the Vaults.
 30696 | D:15     | Entered Level 15 of the Dungeon
 30728 | D:15     | Found a snail-covered altar of Cheibriados.
 30840 | D:15     | Noticed Nessos
 30871 | D:15     | Killed Nessos
 30871 | D:15     | Reached XP level 16. HP: 133/151 MP: 15/15
 31256 | D:15     | Found a staircase to the Depths.
 31706 | D:15     | Found a glowing golden altar of the Shining One.
 32294 | Elf:1    | Entered Level 1 of the Elven Halls
 32364 | Elf:1    | Received a gift from Okawaru
 32484 | Elf:1    | Noticed Kirke
 32515 | Elf:1    | Killed Kirke
 32687 | Elf:1    | Reached skill level 19 in Shields
 32875 | Elf:1    | Got a spiked chain mail
 32886 | Elf:1    | Identified the +6 chain mail of Dyspraxia {Dex+6} (You
                  | found it on level 1 of the Elven Halls)
 34143 | Spider:1 | Entered Level 1 of the Spider Nest
 34171 | Lair:3   | Reached skill level 15 in Armour
 34515 | Spider:1 | Received a gift from Okawaru
 34516 | Spider:1 | Found the +3 pair of gauntlets of War {Slay+5}
 35736 | Spider:2 | Reached XP level 17. HP: 142/160 MP: 17/17
 36215 | Swamp:1  | Entered Level 1 of the Swamp
 36223 | Swamp:1  | Reached skill level 20 in Shields
 36263 | Swamp:1  | Received a gift from Okawaru
 37028 | Swamp:2  | Found a transporter.
 37390 | Swamp:2  | Found a transporter.
 37824 | Swamp:2  | Paralysed by the power of Zot for 2 turns
 38094 | Swamp:2  | Got an ancient tin amulet
 38095 | Swamp:2  | Identified the amulet "Ataschui" {Gourm +Fly rN+ Dex-3}
                  | (You found it on level 2 of the Swamp)
 38106 | Swamp:2  | Got a wavering diamond amulet
 38107 | Swamp:2  | Identified the amulet "Nousock" {RegenMP Dex+4} (You found
                  | it on level 2 of the Swamp)
 38517 | Swamp:3  | Found a white marble altar of Elyvilon.
 40208 | Spider:3 | Received a gift from Okawaru
 40655 | Spider:3 | Reached skill level 21 in Shields
 41320 | Spider:4 | Entered Level 4 of the Spider Nest
 41528 | Spider:4 | Noticed Louise
 41537 | Spider:4 | Cast into level 3 of the Abyss (Louise)
 41545 | Abyss:3  | Got a smoking plate armour
 41573 | Abyss:3  | Reached XP level 18. HP: 93/171 MP: 12/18
 41797 | Abyss:3  | Got a transparent plate armour
 41939 | Abyss:3  | Noticed a Hell Sentinel
 41957 | Abyss:3  | HP: 5/256 [Hell Sentinel/damnation (34)]
 41960 | Abyss:3  | Killed a Hell Sentinel
 41974 | Spider:4 | Escaped the Abyss
 41978 | Spider:4 | HP: 2/172 [Louise/+0 morningstar of distortion (10)]
 41978 | Spider:4 | Mangled by Louise

Skill      XL: |  1  2  3  4  5  6  7  8  9 10 11 12 13 14 15 16 17 18 |
---------------+-------------------------------------------------------+-----
Armour         | 4 5 6 7 8 9 10 11 12 13 14 15 16 | 16.1
Fighting       | 4 5 6 7 8 9 12 13 14 15 16 17 18 | 18.0
Long Blades    | 3 4 5 6 8 10 11 13 14 15 16 17 18 | 18.6
Shields        | 4 5 6 7 8 11 12 13 15 16 18 19 21 | 21.3
Dodging        | 1 2 3 4 5 6 |  6.8
Stealth        | 1 2 3 |  3.9
Invocations    | 1 |  1.6
Evocations     | |  0.3

Action                   |  1- 3 |  4- 6 |  7- 9 | 10-12 | 13-15 | 16-18 || total
-------------------------+-------+-------+-------+-------+-------+-------++-------
Melee: Long sword        |    73 |   167 |   500 |    44 |   522 |   542 ||  1848
       Headbutt          |    11 |    31 |    98 |   149 |   400 |   440 ||  1129
       Scimitar          |       |       |       |   456 |   853 |   595 ||  1904
       Double sword      |       |       |       |    99 |       |       ||    99
Invok: Heroism           |       |       |     3 |     6 |     4 |     2 ||    15
Evoke: Wand              |       |       |       |       |       |     1 ||     1
  Use: Scroll            |       |     6 |    16 |     5 |     5 |    11 ||    43
       Potion            |       |       |     9 |     2 |       |    11 ||    22
 Stab: Paralysed         |       |       |     2 |       |       |       ||     2
       Invisible         |       |       |     3 |       |       |     1 ||     4
       Distracted        |       |       |       |       |       |     2 ||     2
       Confused          |       |       |       |       |       |     1 ||     1
  Eat: Chunk             |     1 |     6 |    26 |    17 |    39 |    23 ||   112
       Ration            |       |       |       |     1 |     2 |     4 ||     7
Armor: Scale mail        |    39 |    94 |   125 |       |       |       ||   258
       Skin              |       |       |     2 |       |       |       ||     2
       Plate armour      |       |       |   124 |   291 |   398 |       ||   813
       Chain mail        |       |       |       |       |   251 |   602 ||   853
Dodge: Dodged            |    26 |    73 |   234 |   169 |   468 |   503 ||  1473
Block: Shield            |    31 |   112 |   369 |   368 |  1199 |  1044 ||  3123
       Rpst.: Long sword |     5 |    23 |    58 |     4 |    52 |    41 ||   183
       Scimitar          |       |       |       |    23 |    63 |    47 ||   133
       Double sword      |       |       |       |     3 |       |       ||     3
